 Dungeon Crawl Stone Soup version 0.29.1-1-gd02db6906a (webtiles) character file.

Game seed: 619063889901398250

55 sizableburger the Magician (level 3, -2/27 HPs)
             Began as a Mummy Wanderer on Sept 29, 2022.
             Was an Initiate of Uskayaw.
             Slain by a gnoll
             ... wielding a +0 flail of holy wrath
              (5 damage)
             ... on level 3 of the Dungeon.
             The game lasted 00:04:03 (2268 turns).

sizableburger the Magician (Mummy Wanderer)         Turns: 2268, Time: 00:04:04

Health: -2/27      AC: 11    Str: 15    XL:     3   Next: 67%
Magic:  4/8        EV:  9    Int: 18    God:    Uskayaw [......]
Gold:   84         SH:  0    Dex: 12    Spells: 8/9 levels left

rFire   x . .      SeeInvis +   j - +0 dagger (venom)
rCold   + . .      Faith    .   (no shield)
rNeg    + + +      Spirit   .   c - +2 scale mail
rPois   ∞          Reflect  .   (no helmet)
rElec   .          Harm     .   g - +0 cloak
rCorr   .          Rampage  .   k - +0 pair of gloves
Will    .....                   (no boots)
Stlth   ..........              (no amulet)
HPRegen 0.09/turn               l - +6 ring of intelligence
MPRegen 0.11/turn               a - ring of see invisible

@: no status effects
A: cold resistance 1, negative energy resistance 3, torment resistance 2, heat
vulnerability 1, in touch with death 1, no potions
a: Renounce Religion


You were on level 3 of the Dungeon.
You worshipped Uskayaw.
Uskayaw was noncommittal.
You visited 1 branch of the dungeon, and saw 3 of its levels.

You collected 84 gold pieces.

Inventory:

Hand Weapons
 j - a +0 dagger of venom (weapon)
Armour
 c - a +2 scale mail (worn)
 g - a +0 cloak (worn)
 k - a +0 pair of gloves (worn)
Jewellery
 a - a ring of see invisible (right hand)
 l - a +6 ring of intelligence (left hand)
Scrolls
 b - 2 scrolls of vulnerability
 d - a scroll of amnesia {unknown}
 e - 2 scrolls of magic mapping {unknown}
 f - 2 scrolls of noise {unknown}
 h - a scroll of enchant armour {unknown}
 i - a scroll of identify {unknown}


   Skills:
 - Level 2.0 Fighting
 + Level 0.7 Short Blades
 - Level 3.2 Armour
 + Level 3.9 Spellcasting
 + Level 2.0 Earth Magic
 - Level 1.0 Evocations


You had 8 spell levels left.
You knew the following spells:

 Your Spells              Type           Power      Damage    Failure   Level
a - Sandblast             Erth           20%        2d7       24%         1

Your spell library contained the following spells:

 Spells                   Type           Power      Damage    Failure   Level
 Summon Small Mammal      Summ           12%        N/A       50%         1
 Stone Arrow              Conj/Erth      14%        3d7       73%         3
 Call Canine Familiar     Summ           3%         N/A       86%         3
 Summon Guardian Golem    Hex/Summ       3%         N/A       86%         3


Dungeon Overview and Level Annotations

Branches:
Dungeon (3/15)

Altars:
Uskayaw


Innate Abilities, Weirdness & Mutations

You are immune to poison.
Your flesh is cold resistant. (rC+)
You are immune to negative energy. (rN+++)
You are immune to unholy pain and torment.
You are vulnerable to heat. (rF-)
You are in touch with the powers of death.
You do not drink.


Message History

The gnoll is moderately wounded.
The gnoll closely misses you. The gnoll barely misses you.
You closely miss the gnoll.
The gnoll is moderately wounded.
The gnoll barely misses you. The gnoll hits you but does no damage.
You barely miss the gnoll.
The gnoll is heavily wounded.
The gnoll hits you but does no damage. The gnoll closely misses you.
You hit the gnoll but do no damage.
The gnoll looks as sick as possible!
The gnoll is heavily wounded.
The gnoll hits you with a +0 club. The gnoll hits you but does no damage.
You barely miss the gnoll.
The gnoll is heavily wounded.
The gnoll hits you but does no damage. x2
Unknown command.
The gnoll attacks as you move away!
The gnoll hits you with a +0 flail of holy wrath!
You convulse!
* * * LOW HITPOINT WARNING * * *
You kill the gnoll!
Okay, then.
You can't drink.
Okay, then.
You stomp with the beat, sending a shockwave through the revellers around you!
The gnoll is heavily wounded.
You can no longer stomp with the beat.
The gnoll hits you with a +0 flail of holy wrath.
* * * LOW HITPOINT WARNING * * *
You convulse.
* * * LOW HITPOINT WARNING * * *
Casting: Sandblast (safe; 24% risk of failure)
Confirm with . or Enter, or press ? or * to list all spells.
Aiming: Sandblast (safe; 24% risk of failure)
Press: ? - help, Shift-Dir - straight line, f - gnoll
Aim: a gnoll, wielding a +0 flail of holy wrath (heavily wounded, 84% to hit)
The blast of sand hits the gnoll.
The gnoll is severely wounded.
The gnoll closely misses you. The gnoll hits you but does no damage.
The gnoll hits you with a +0 flail of holy wrath.
You die...

#.. #...# .# #...
#...# ..#
#...###...###..#
...............#
...............#
...............#
#)..# #$.# #gg.#
#..+
.###@.)###..#
..........(....#
...............#
............)..#
#...###...###..#
#... #...# #..#
#...###...###..#
...............#
................#


You could see 2 gnolls.

Vanquished Creatures
  A gnoll (D:3)
  An adder (D:3)
  An orc (D:3)
  A ball python (D:1)
  5 endoplasms
  3 giant cockroaches
  4 goblins
  2 hobgoblins (D:1)
  4 kobolds (D:1)
  A quokka (D:2)
  3 bats
  4 frilled lizards
  3 rats
33 creatures vanquished.

Notes
Turn   | Place    | Note
-------+----------+-------------------------------------------
     0 | D:1      | sizableburger the Mummy Wanderer began the quest for the
                  | Orb.
     0 | D:1      | sizableburger set off with the following items: a +0 club,
                  | 2 scrolls of vulnerability, a +2 scale mail; and the
                  | following spell memorised: Sandblast; and the following
                  | spells available to memorise: Stone Arrow.
     0 | D:1      | Reached XP level 1. HP: 16/16 MP: 4/4
   335 | D:1      | Found a faded altar of an unknown god.
   340 | D:1      | Prayed at the altar of an unknown god.
   340 | D:1      | Became a worshipper of Uskayaw the Reveller
   340 | D:1      | Reached * piety under Uskayaw
   521 | D:1      | Reached XP level 2. HP: 22/22 MP: 0/6
   748 | D:1      | Reached ** piety under Uskayaw
  1714 | D:2      | Gained mutation: You are in touch with the powers of death.
                  | [Mummy growth]
  1714 | D:2      | Reached XP level 3. HP: 27/27 MP: 6/8
  2124 | D:3      | Reached *** piety under Uskayaw
  2268 | D:3      | Slain by a gnoll

Illustrated notes

Levels and vault maps discovered:
D:1:      dpeg_arrival_erosion, layout_basic,
          hellmonk_ecumenical_altar_heavens_door
D:2:      layout_basic
D:3:      layout_basic, kennysheep_boxes

Skill      XL: |  1  2  3 |
---------------+----------+-----
Spellcasting   | 3 |  3.9
Earth Magic    | 2 |  2.0
Fighting       | |  2.0
Short Blades   | |  0.7
Armour         | |  3.2
Evocations     | |  1.0

Action                   || total
-------------------------++-------
Melee: Club              ||    35
       Short sword       ||    30
       Dagger            ||    32
       Punch             ||     1
 Cast: Sandblast         ||    23
Invok: Stomp             ||     1
Armor: Scale mail        ||    86
Dodge: Dodged            ||    78
